 Dungeon Crawl Stone Soup version 0.28.0-1-gb440e238dd (webtiles) character file.

Game seed: 863164109927718605

5357 funkygono the Arsonist (level 10, 0/50 HPs)
             Began as a Gargoyle Fire Elementalist on Feb 25, 2022.
             Was a Believer of Vehumet.
             Slain by a warg (5 damage)
             ... on level 10 of the Dungeon.
             The game lasted 00:22:43 (11996 turns).

funkygono the Arsonist (GrFE)                      Turns: 11996, Time: 00:22:44

Health: 0/50       AC: 24    Str: 15    XL:     10   Next: 65%
Magic:  15/22      EV: 12    Int: 20    God:    Vehumet [**....]
Gold:   270        SH:  0    Dex: 16    Spells: 11/26 levels left

rFire   + . .      SeeInvis .   d - +2 morningstar (flame)
rCold   x . .      Faith    .   (no shield)
rNeg    + . .      Spirit   .   h - +3 acid dragon scales
rPois   ∞          Reflect  .   v - +1 helmet
rElec   +          Harm     .   t - +1 cloak
rCorr   +          Rampage  .   I - +1 pair of gloves {Str+3}
Will    .....                   J - +0 pair of boots
Stlth   ++........              (no amulet)
HPRegen 0.16/turn               j - ring of fire
MPRegen 0.18/turn               n - +6 ring of dexterity

@: no status effects
A: sickness immunity, AC +7, negative energy resistance 1, electricity
resistance, torment resistance 1, petrification resistance
a: Renounce Religion


You were on level 10 of the Dungeon.
You worshipped Vehumet.
Vehumet was pleased with you.
You visited 2 branches of the dungeon, and saw 11 of its levels.

You collected 542 gold pieces.
You spent 272 gold pieces at shops.

Inventory:

Hand Weapons
 d - a +2 morningstar of flaming (weapon)
 f - a +0 whip of flaming
 p - a +2 mace of draining
 s - a +2 quarterstaff of chaos
 z - the +8 woodcutter's axe {vorpal}
   (You found it on level 5 of the Dungeon)

   It inflicts extra damage upon your enemies.
 C - a +1 whip of electrocution
 E - a +2 vampiric whip
Missiles
 c - 363 stones
Armour
 a - a +1 robe
 h - +3 acid dragon scales (worn)
 o - a +3 leather armour
 r - a scarf of invisibility
 t - a +1 cloak (worn)
 v - a +1 helmet (worn)
 x - a scarf of shadows
 I - a +1 pair of gloves of strength (worn)
 J - a +0 pair of boots (worn)
Jewellery
 j - a ring of fire (left hand)
 n - a +6 ring of dexterity (right hand)
 u - a ring of protection from cold
 y - an amulet of guardian spirit
 F - a +6 ring of dexterity
Wands
 m - a wand of acid (10)
 B - a wand of iceblast (7)
Scrolls
 b - a scroll of magic mapping
 q - 2 scrolls of identify
 D - 2 scrolls of teleportation
 H - a scroll of enchant armour
 L - a scroll of noise {unknown}
Potions
 e - a potion of magic
 g - a potion of ambrosia
 i - a potion of heal wounds
 k - 6 potions of brilliance
 l - 3 potions of flight
 w - 2 potions of curing
 A - a potion of resistance
 G - a potion of attraction {unknown}
 M - a potion of might {unknown}
Miscellaneous
 K - a lightning rod (4/4)


   Skills:
 + Level 0.1 Fighting
 * Level 3.3 Armour
 + Level 2.5 Dodging
 - Level 2.1 Stealth
 * Level 8.8 Spellcasting
 * Level 7.6 Conjurations
 * Level 9.2 Fire Magic
 * Level 4.2 Earth Magic


You had 11 spell levels left.
You knew the following spells:

 Your Spells              Type           Power      Damage    Failure   Level
a - Foxfire               Conj/Fire      100%       2x1d9     1%          1
b - Scorch                Fire           100%       2d10      1%          2
c - Conjure Flame         Conj/Fire      59%        6-21      1%          3
d - Flame Wave            Conj/Fire      59%        2d11      3%          4
e - Stone Arrow           Conj/Erth      64%        3d11      2%          3
f - Searing Ray           Conj           78%        2d7       1%          2

Your spell library contained the following spells:

 Spells                   Type           Power      Damage    Failure   Level
 Inner Flame              Hex/Fire       40%        N/A       4%          3
 Passwall                 Tmut/Erth      14%        N/A       7%          2
 Ensorcelled Hibernation  Hex/Ice        16%        N/A       16%         2
 Swiftness                Air            8%         N/A       32%         3
 Animate Armour           Summ/Erth      34%        N/A       41%         4
 Lehudib's Crystal Spear  Conj/Erth      16%        10d5      100%        8


Dungeon Overview and Level Annotations

Branches:
Dungeon (10/15)            Temple (1/1) D:4
   Lair: D:8-11         Orc: D:9-12

Altars:
Ashenzari
Cheibriados
Dithmenos
Elyvilon
Fedhas
Gozag
Hepliaklqana
Kikubaaqudgha
Makhleb
Nemelex Xobeh
Okawaru
Qazlal
Ru
Sif Muna
Trog
Uskayaw
Vehumet
Wu Jian
Xom
Yredelemnul
Zin
The Shining One

Shops:
D:1 (   D:10 [


Innate Abilities, Weirdness & Mutations

You are immune to sickness and miasma.
Your stone body is resilient. (AC +7)
You are immune to poison.
You resist negative energy. (rN+)
You are resistant to electric shocks. (rElec)
You are resistant to unholy torment.
You are immune to petrification.


Message History

The flame wave engulfs the warg!
The warg is almost dead.
The flame wave engulfs the warg!
The warg is heavily wounded.
The flame wave engulfs the orc warrior but does no damage. (Press . to intensify the flame waves.)
The warg barely misses you.
The orc warrior hits you with a +0 war axe.
The warg barely misses you.
A wave of flame ripples out!
The flame wave engulfs the warg!
The warg is moderately wounded.
The flame wave engulfs the warg.
You kill the warg!
Vehumet accepts your kill.
You feel your power returning.
The flame wave engulfs the warg!
You kill the warg!
Vehumet accepts your kill.
The flame wave engulfs the orc warrior!
The orc warrior is moderately wounded.
The flame wave engulfs something!!
Vehumet accepts your kill.
Reactivating autopickup.
You feel a bit more experienced. The warg closely misses you.
The orc warrior hits you with a +0 war axe!
A wave of flame ripples out!
The flame wave engulfs the warg!
The warg is severely wounded.
The flame wave engulfs the orc warrior!
The orc warrior is severely wounded.
The flame wave engulfs the orc!
You kill the orc!
Vehumet accepts your kill.
You feel your power returning.
The flame wave engulfs something!
The flame wave engulfs the orc.
The orc is lightly wounded.
You finish channelling waves of flame.
The warg bites you!
* * * LOW HITPOINT WARNING * * *
The orc warrior hits you with a +0 war axe!
* * * LOW HITPOINT WARNING * * *
The warg bites you.
You die...

#.≈≈≈≈≈≈≈≈≈....###.....
#.≈#######≈.....#......
#.≈#(...$#≈.##......#..
#.≈#.....#≈.#..........
#.≈# ... #≈......#.#...
#.≈# ... #≈...........#
#.≈###o###≈......#.#.##
#.≈#.h.o.'...##......#.
#.≈#..@..'....##....#..
#.≈###'###≈...#........
#.≈#$))).#≈..###.#.....
#.≈#?....#≈..# ###.....
##.≈#.....#≈.## ###....#
#..≈#(...)#≈..###......#
#..≈#######≈..##.....###
#..≈†≈≈≈≈≈≈≈..##......#
#.............###.#..###


You could see a warg, an orc warrior and an orc.

Vanquished Creatures
  Joseph (D:8)
  A gargoyle (D:10)
  Maggie (D:6)
  2 hornets
  2 shadows (D:9)
  3 wargs (D:10)
  2 water moccasins (D:6)
  A sky beast (D:6)
  3 orc warriors
  An ogre (D:4)
  A centaur (D:9)
  A kobold brigand (D:10)
  2 bullfrogs
  3 gnoll sergeants
  2 scorpions (D:6)
  An electric eel (D:10)
  3 howler monkeys (D:9)
  5 centaur zombies
  A hound (D:6)
  Crazy Yiuf (D:7)
  5 orc priests
  2 jellies
  A bullfrog skeleton (D:5)
  A centaur skeleton (D:5)
  2 gnoll shamans
  12 orc wizards
  2 iguanas (D:6)
  A killer bee zombie (D:9)
  3 hound skeletons
  24 gnolls
  A howler monkey zombie (D:3)
  4 adders
  2 howler monkey skeletons
  A shadow imp (D:3)
  2 white imps (D:7)
  An ufetubus (D:6)
  2 worms
  44 orcs
  7 ball pythons
  5 bats
  8 endoplasms
  3 giant cockroaches
  6 goblins
  9 hobgoblins
  4 jackals (D:4)
  2 quokkas (D:1)
  5 frilled lizards
  15 kobolds
  3 rats (D:2)
214 creatures vanquished.

Vanquished Creatures (collateral kills)
  A foxfire (D:1)
1 creature vanquished.

Vanquished Creatures (others)
  687 foxfires
687 creatures vanquished.

Grand Total: 902 creatures vanquished

Notes
Turn   | Place    | Note
-------+----------+-------------------------------------------
     0 | D:1      | funkygono the Gargoyle Fire Elementalist began the quest
                  | for the Orb.
     0 | D:1      | Reached XP level 1. HP: 10/10 MP: 3/3
   113 | D:1      | Found Soso's Weapon Shoppe.
   331 | D:1      | Reached XP level 2. HP: 15/15 MP: 1/5
   434 | D:1      | Found a faded altar of an unknown god.
   535 | D:1      | Learned a level 2 spell: Scorch
  1050 | D:1      | Reached XP level 3. HP: 19/19 MP: 0/6
  1783 | D:2      | Reached XP level 4. HP: 24/24 MP: 4/8
  1787 | D:2      | Learned a level 3 spell: Conjure Flame
  2701 | D:3      | Reached XP level 5. HP: 28/28 MP: 1/9
  2706 | D:3      | Learned a level 4 spell: Flame Wave
  2874 | D:3      | Reached skill level 4 in Fire Magic
  3713 | D:4      | Noticed an ogre
  3720 | D:4      | Killed an ogre
  3721 | D:4      | Reached XP level 6. HP: 32/32 MP: 2/11
  3911 | D:4      | Noticed a hornet
  3917 | D:4      | Killed a hornet
  3918 | D:4      | Reached skill level 5 in Fire Magic
  3918 | D:4      | Reached XP level 7. HP: 23/36 MP: 0/13
  4335 | D:4      | Found a staircase to the Ecumenical Temple.
  4345 | Temple   | Entered the Ecumenical Temple
  4429 | Temple   | Became a worshipper of Vehumet
  4744 | D:5      | Entered Level 5 of the Dungeon
  5496 | D:5      | Found the +8 woodcutter's axe {vorpal}
  6043 | D:6      | Reached skill level 5 in Spellcasting
  6094 | D:6      | Found a glowing silver altar of Zin.
  6149 | D:6      | Reached skill level 5 in Conjurations
  6179 | D:6      | Reached skill level 6 in Fire Magic
  6179 | D:6      | Reached XP level 8. HP: 23/41 MP: 0/15
  6742 | D:6      | Noticed Maggie
  6752 | D:6      | Killed Maggie
  6860 | D:6      | Reached * piety under Vehumet
  6860 | D:6      | Offered knowledge of Freeze by Vehumet.
  7059 | D:6      | Reached skill level 7 in Fire Magic
  7199 | D:6      | Reached XP level 9. HP: 45/45 MP: 13/19
  7687 | D:7      | Found a runed translucent door.
  7688 | D:7      | Noticed Crazy Yiuf
  7695 | D:7      | Killed Crazy Yiuf
  7785 | D:7      | Learned a level 3 spell: Stone Arrow
  8613 | D:8      | Reached skill level 1 in Armour
  8616 | D:8      | Noticed Joseph
  8804 | D:8      | Killed Joseph
  8805 | D:8      | Reached skill level 8 in Fire Magic
  8805 | D:8      | Reached skill level 1 in Earth Magic
 10064 | D:9      | Offered knowledge of Poisonous Vapours by Vehumet.
 10148 | D:9      | Reached ** piety under Vehumet
 10859 | D:9      | Reached XP level 10. HP: 50/50 MP: 17/22
 11214 | D:10     | Entered Level 10 of the Dungeon
 11444 | D:10     | Found an ancient bone altar of Kikubaaqudgha.
 11467 | D:10     | Offered knowledge of Searing Ray by Vehumet.
 11473 | D:10     | Learned a level 2 spell: Searing Ray
 11594 | D:10     | Noticed a gargoyle
 11610 | D:10     | Killed a gargoyle
 11611 | D:10     | Reached skill level 9 in Fire Magic
 11790 | D:10     | Found Ytyveify's Armour Boutique.
 11793 | D:10     | Bought a +1 pair of gloves of strength for 214 gold pieces
 11793 | D:10     | Bought a +0 pair of boots for 58 gold pieces
 11807 | D:10     | Found an ornate altar of the Wu Jian Council.
 11996 | D:10     | Slain by a warg

Illustrated notes

Levels and vault maps discovered:
D:1:      eino_arrival_water_star, layout_basic,
          shapermc_ecumenical_altar_hornbeckon, serial_shops,
          nicolae_diamond_shop
D:2:      layout_rooms
D:3:      layout_basic, minmay_misc_feat_columns
D:4:      layout_loops_ring, minmay_temple_entry_poolview, kennysheep_potato
D:5:      layout_basic, pf_guarded_unrand_woodcutter
D:6:      layout_basic, mainiacjoe_overflow_alcove_2, kennysheep_another_room,
          nicolae_underground_beach, uniq_maggie
D:7:      layout_basic, uniq_crazy_yiuf_cottage
D:8:      layout_layer_cave, uniq_joseph
D:9:      layout_basic
D:10:     layout_cave_pools, lemuel_round_altar, nzn_wu_jian_council_hall,
          serial_glass, glass_columns_a, glass_columns_b, glass_columns_b,
          glass_columns_b, glass_columns_a, glass_columns_c, serial_shops, shop,
          nooodl_orcs_dogs
Temple:   mainiacjoe_temple_bowtie_tessellation

Skill      XL: |  1  2  3  4  5  6  7  8  9 10 |
---------------+-------------------------------+-----
Conjurations   | 2 3 4 5 7 |  7.6
Spellcasting   | 3 4 5 6 8 |  8.8
Fire Magic     | 4 5 6 7 8 9 |  9.2
Dodging        | 2 |  2.5
Armour         | 2 3 |  3.3
Earth Magic    | 2 4 |  4.2
Fighting       | |  0.1
Stealth        | |  2.1

Action                   |  1- 3 |  4- 6 |  7- 9 | 10-12 || total
-------------------------+-------+-------+-------+-------++-------
Melee: Club              |     5 |       |       |       ||     5
       Whip              |    10 |       |     3 |       ||    13
       Morningstar       |       |       |     1 |     2 ||     3
 Cast: Foxfire           |    57 |    74 |   226 |    48 ||   405
       Scorch            |     2 |    11 |    38 |     9 ||    60
       Stone Arrow       |       |       |     9 |    15 ||    24
       Flame Wave        |       |       |     2 |     4 ||     6
  Use: Scroll            |       |       |    18 |     3 ||    21
       Potion            |       |       |     1 |     2 ||     3
Armor: Robe              |    10 |     5 |     8 |       ||    23
       Acid dragon scale |       |       |     5 |    34 ||    39
Dodge: Dodged            |    23 |    10 |    41 |    28 ||   102
